 Seeded DCSS version 0.30-a0-715-gdb4ae3ece1 (webtiles) character file.

Game seed: 5430720872467839093 (custom seed)

130 OTABOTABOTAB the Insei (level 5, 33/33 HPs)
             Began as an Octopode Transmuter on Jan 23, 2023.
             Quit the game on level 2 of the Dungeon.
             The game lasted 00:03:49 (1673 turns).

OTABOTABOTAB the Insei (Octopode Transmuter)        Turns: 1673, Time: 00:03:49

Health: 33/33      AC:  5    Str: 15    XL:     5   Next: 14%
Magic:  9/9        EV: 13    Int: 18    God:
Gold:   69         SH:  0    Dex: 17    Spells: 3/9 levels left

rFire   . . .      SeeInvis .      - Unarmed
rCold   + + .      Faith    .    (no shield)
rNeg    . . .      Spirit   .    (helmet restricted)
rPois   .          Reflect  .    (no amulet)
rElec   .          Harm     .    a - +6 ring of strength
rCorr   .          Rampage  .    C - ring of protection from cold {rC+, !d}
Will    .....                    o - ring of Ucuugom {rC+ AC+4 Dex+5}
Stlth   +++                      (no ring)
HPRegen 0.25/turn                (no ring)
MPRegen 0.11/turn                (no ring)
                                 (no ring)
                                 (no ring)

@: no status effects
A: almost no armour, amphibious, 8 rings, camouflage 1, gelatinous body 1,
(nimble swimmer 1), tentacles
a: no special abilities


You were on level 2 of the Dungeon.
You visited 1 branch of the dungeon, and saw 2 of its levels.

You collected 69 gold pieces.

Inventory:

Hand Weapons
 p - the +6 Majin-Bo {spellvamp, MP+6 Int+6}
   (You acquired it on level 2 of the Dungeon)

   Int:       It affects your intelligence (+6).
   MP:        It affects your magic capacity (+6).
Missiles
 s - 13 stones
Jewellery
 a - a +6 ring of strength (left tentacle)
   (You found it on level 1 of the Dungeon)
 o - the ring of Ucuugom (on tentacle) {rC+ AC+4 Dex+5}
   (You acquired it on level 2 of the Dungeon)

   [ring of protection]

   AC:        It affects your AC (+4).
   Dex:       It affects your dexterity (+5).
   rC:        It protects you from cold.
 C - a ring of protection from cold (right tentacle) {rC+, !d}
   (You found it on level 2 of the Dungeon)
Scrolls
 b - a scroll of brand weapon {unknown}
 d - a scroll of torment {unknown}
 e - 3 scrolls of amnesia {unknown}
 f - a scroll of identify {unknown}
 g - a scroll of teleportation {unknown}
 j - a scroll of noise {unknown}
 k - 2 scrolls of acquirement
 l - a scroll of fog {unknown}
 m - a scroll of enchant armour {unknown}
 n - a scroll of immolation {unknown}
Potions
 c - a potion of mutation {unknown}
 h - a potion of attraction {unknown}
 i - 2 potions of curing {unknown}
 P - a potion of lignification {!q}


   Skills:
 - Level 1.0 Fighting
 - Level 2.0 Dodging
 + Level 4.1 Unarmed Combat
 + Level 2.8 Spellcasting
 + Level 3.0 Transmutations
 + Level 1.9 Poison Magic


You had 3 spell levels left.
You knew the following spells:

 Your Spells              Type           Power      Damage    Failure   Level
a - Beastly Appendage     Tmut           26%        N/A       4%          1
b - Wereblood             Tmut           13%        N/A       7%          2
c - Spider Form           Tmut/Pois      11%        N/A       17%         3

Your spell library contained the following spells:

 Spells                   Type           Power      Damage    Failure   Level
 Ice Form                 Ice/Tmut       8%         N/A       65%         4


Dungeon Overview and Level Annotations

Branches:
Dungeon (2/15)

Altars:

Shops:
D:2 ?


Innate Abilities, Weirdness & Mutations

You cannot wear most types of armour.
You are amphibious.
You can wear up to eight rings at the same time.
Your skin changes colour to match your surroundings (Stealth+).
Your rubbery body absorbs attacks. (AC +1, EV +1)
((You are camouflaged when in or above water. (Stealth+)))
You have tentacles for arms and can constrict up to eight enemies at once.


Message History

a +0 dagger; a goblin corpse A gnoll comes into view.
It is wielding a +0 flail.
MP restored: 8 You extend your transformation's duration.
You now have 7/8 mp.
A gnoll comes into view. It is wielding a +0 whip.
Okay, then.
Okay, then.
Your blood is infused with primal strength.
You now have 5/8 mp.
What are your orders? t - Howl!
Orders for allies: a - Attack new target. r - Retreat! s - Stop attacking. g - Guard the area. f - Follow me.
Anything else - Cancel.
You howl for attention!
The gnoll shouts!
A gnoll comes into view. It is wielding a +0 club.
You tentacle-slap the gnoll but do no damage.
Your grab misses the gnoll.
You pierce the gnoll!
The gnoll hits you with a +0 whip!
You take 9 damage, and have 19/28 hp.
MASSIVE DAMAGE!!
You closely miss the gnoll. You grab the gnoll.
You pierce the gnoll.
Your transformation is almost over.
You constrict the gnoll.
You feel a bit better.
You kill the gnoll!
You bludgeon the gnoll! You grab the gnoll. You squeeze the gnoll.
You constrict the gnoll, but do no damage.
The gnoll hits you with a +0 flail.
You take 4 damage, and have 16/28 hp.
You tentacle-slap the gnoll.
You pierce the gnoll.
You feel a bit better.
You kill the gnoll!
You howl as the wereblood boils in your veins!
Your Transmutations skill increases to level 3!
You have reached level 5!
You feel clever.
You regained 6 hp, and now have 22/33 hp.
You bludgeon the gnoll! You grab the gnoll. You constrict the gnoll.
The gnoll barely misses you.
You tentacle-slap the gnoll.
You pierce the gnoll.
You feel a bit better.
You kill the gnoll!
You regained 2 hp, and now have 24/33 hp.
You swing at nothing.
Your tentacle spike disappears.
Your primal bloodlust is almost over.
Your primal bloodlust has ended.
Items here: ))) ††.
Found a stone staircase leading down.
Health restored: 33; MP restored: 9 A bat comes into view.
A bat is nearby!
One of your tentacles grows a vicious spike.
You now have 8/9 mp.
Unknown command.
The helpless bat fails to defend itself.
You bludgeon the bat!
You kill the bat!
No target in view!
No target in view!
Your transformation is almost over.
Your tentacle spike disappears.
There is a stone staircase leading up here.
n - a scroll labelled ULOOHASMUSE MP restored: 9
Found a stone staircase leading down.
Found a stone staircase leading down.
There is a stone staircase leading down here.
There is a stone staircase leading down here.
s - 13 stones (gained 7)
k - 4 scrolls labelled ICHANW HIUVOTE (gained 1)
An endoplasm comes into view.
An endoplasm is nearby!
One of your tentacles grows a vicious spike.
You now have 8/9 mp.
Unknown command.
The helpless endoplasm fails to defend itself.
You tentacle-slap the endoplasm but do no damage.
You pierce the endoplasm.
The endoplasm freezes you.
You are frozen.
You resist.
You take 1 damage, and have 32/33 hp.
You tentacle-slap the endoplasm but do no damage.
You pierce the endoplasm.
You kill the endoplasm!
Health restored: 33 No target in view!
Your tentacle spike disappears.
Found a stone staircase leading up.
MP restored: 9
There is a stone staircase leading down here.
Done exploring.
Done exploring.
This is a scroll of acquirement!
Something appears before you!
o - the ring of Ucuugom {rC+ AC+4 Dex+5} You feel agile.
o - the ring of Ucuugom (on tentacle) {rC+ AC+4 Dex+5} Something appears before you!
p - the +6 Majin-Bo {spellvamp, MP+6 Int+6}

#.# #..#.# #.# #..#
#.##########..#.## #.#
#..#
#..........#..#..###.#
#..#######
......####......∩....#
#.........
#####..........#######
##.#######
#..........# #.#
#.########.# #.#
#####.# #.##########.#
......# #..@.........#
####### ##############


There were no monsters in sight!

Vanquished Creatures
  A necrophage (D:2)
  3 gnolls (D:2)
  An adder (D:2)
  3 bats
  5 endoplasms
  4 goblins
  2 hobgoblins
  4 jackals (D:1)
  5 kobolds
  2 quokkas (D:1)
  2 ball pythons (D:1)
  A frilled lizard (D:2)
  A rat (D:1)
34 creatures vanquished.

Notes
Turn   | Place    | Note
-------+----------+-------------------------------------------
     0 | D:1      | OTABOTABOTAB the Octopode Transmuter began the quest for
                  | the Orb.
     0 | D:1      | Reached XP level 1. HP: 13/13 MP: 3/3
   178 | D:1      | Reached XP level 2. HP: 18/18 MP: 3/5
   655 | D:1      | Learned a level 2 spell: Wereblood
   766 | D:1      | Reached XP level 3. HP: 19/23 MP: 4/6
   770 | D:1      | Learned a level 3 spell: Spider Form
   991 | D:2      | Found Doddoiw's Magic Scroll Shoppe.
  1093 | D:2      | Noticed a necrophage
  1098 | D:2      | Killed a necrophage
  1099 | D:2      | Reached skill level 1 in Poison Magic
  1099 | D:2      | Reached XP level 4. HP: 15/28 MP: 5/8
  1287 | D:2      | Reached skill level 4 in Unarmed Combat
  1318 | D:2      | Reached skill level 3 in Transmutations
  1318 | D:2      | Reached XP level 5. HP: 22/33 MP: 6/9
  1668 | D:2      | Identified 4 scrolls of acquirement
  1668 | D:2      | Acquired the ring of Ucuugom {rC+ AC+4 Dex+5}
  1671 | D:2      | Acquired the +6 Majin-Bo {spellvamp, MP+6 Int+6}
  1671 | D:2      | Found the +6 Majin-Bo {spellvamp, MP+6 Int+6}
  1673 | D:2      | Quit the game

Illustrated notes

Levels and vault maps discovered:
D:1:      dpeg_arrival_boxes_within_box, layout_basic
D:2:      layout_loops_ring, serial_shops, shop, nicolae_kite_square_tiling_tiny

Skill      XL: |  1  2  3  4 |
---------------+-------------+-----
Poison Magic   | 1 |  1.9
Unarmed Combat | 4 |  4.1
Transmutations | 3 |  3.0
Fighting       | |  1.0
Dodging        | |  2.0
Spellcasting   | |  2.8

Action                     |  1- 3 |  4- 6 || total
---------------------------+-------+-------++-------
  Melee: Unarmed           |    39 |    22 ||    61
         Tentacles         |     9 |     3 ||    12
         Constrict         |     8 |     8 ||    16
         Kick              |    11 |     9 ||    20
         Punch             |     1 |       ||     1
  Throw: Stone             |     6 |       ||     6
   Cast: Beastly Appendage |    16 |     7 ||    23
         Wereblood         |       |     1 ||     1
Ability: End Transformatio |    11 |     4 ||    15
    Use: Scroll            |       |     2 ||     2
   Stab: Sleeping          |     6 |     2 ||     8
 Armour: Skin              |     1 |     1 ||     2
  Dodge: Dodged            |    17 |     8 ||    25

Table legend: (Time is in decaauts)
 A = Elapsed time spent in this place.
 B = Non-inter-level travel time spent in this place.
 C = Inter-level travel time spent in this place.
 D = Time resting spent in this place.
 E = Time spent auto-exploring this place.
 F = Levels seen in this place.
 G = Mean time per level.
                   A        B        C        D        E       F      G
               +--------+--------+--------+--------+--------+-----+--------+
         Total |   1667 |   1648 |     19 |      0 |   1400 |   2 |  833.5 |
       Dungeon |   1667 |   1648 |     19 |      0 |   1400 |   2 |  833.5 |
               +--------+--------+--------+--------+--------+-----+--------+

Top non-repeatable levels by time:
     D:1: 916 daAuts
     D:2: 750 daAuts

Table legend:
 A = Kills in this place as a percentage of kills in entire the game.
 B = Kills by you in this place as a percentage of kills by you in the entire game.
 C = Kills by friends in this place as a percentage of kills by friends in the entire game.
 D = Other kills in this place as a percentage of other kills in the entire game.
 E = Experience gained in this place as a percentage of experience gained in the entire game.
 F = Experience gained in this place divided by the number of levels of this place that you have seen.
                   A       B       C       D       E      F
               +-------+-------+-------+-------+-------+----------------------
         Total | 100.0 | 100.0 |   N/A |   N/A | 100.0 |  93.5
       Dungeon | 100.0 | 100.0 |   N/A |   N/A | 100.0 |  93.5
               +-------+-------+-------+-------+-------+----------------------
